Map: [ESL] Data-C

Players

Neeb - Winner!

  • Race: Protoss Protoss
  • Spawn Location: 3:00

Astrea

  • Race: Protoss Protoss
  • Spawn Location: 9:00

Event: DreamHack SC2 Masters 2022 Atlanta (Online)

VOD

Have the link to the VOD?

Description

Time

  • Played on: Oct. 15, 2022, 4:14 p.m.
  • Length: 9:30

All games in this series

Show
View Real Time Build Order
Export as new Build Order

Neeb Protoss - Winner!

Build Orders: Oracle Opening 

Get SALT Encoding   

  12  0:00  Probe  
  13  0:12  Probe  
  14  0:17  Pylon  
  14  0:24  Probe (Chrono Boost)  
  15  0:36  Probe (Chrono Boost)  
  15  0:37  Gateway  
  16  0:45  Probe (Chrono Boost)  
  16  0:47  Assimilator  
  17  0:51  Probe  
  18  1:03  Probe  
  19  1:05  Assimilator  
  19  1:12  Pylon  
  19  1:15  Probe  
  20  1:25  Cybernetics Core  
  20  1:27  Probe  
  20  1:29  Zealot (Chrono Boost)  
  24  1:48  Pylon  
  22  2:07  Stargate  
  22  2:37  Nexus  
  21  2:51  Oracle (Chrono Boost)  
  22  4:15  Void Ray (Chrono Boost)  
  26  4:19  Shield Battery  
  26  4:26  Pylon  
  26  4:33  Pylon  
  26  4:51  Void Ray (Chrono Boost)  
  30  5:02  Probe  
  30  5:05  Assimilator  
  31  5:07  Robotics Facility  
  31  5:14  Probe  
  31  5:19  Assimilator  
  32  5:26  Probe  
  33  5:37  Gateway  
  33  5:39  Probe  
  34  5:46  Pylon  
  34  5:51  Probe  
  35  6:04  Immortal  
  35  6:07  Probe  
  44  6:27  Void Ray, Pylon  
  44  6:46  Immortal  
  48  7:00  Zealot  
  54  7:16  Void Ray  
  54  7:29  Observer (Chrono Boost)  
  55  7:30  Pylon  
  55  7:31  Pylon  
  55  7:45  Immortal (Chrono Boost)  
  59  7:55  Zealot  
  61  8:00  Pylon  
  61  8:19  Immortal  
  65  8:28  Probe  
  62  8:42  Observer  
Show
View Real Time Build Order
Export as new Build Order

Astrea Protoss 

Build Orders:  

Get SALT Encoding   

  12  0:00  Probe (Chrono Boost)  
  13  0:10  Probe (Chrono Boost)  
  14  0:17  Pylon  
  14  0:22  Probe  
  15  0:35  Probe  
  15  0:37  Forge  
  16  0:48  Probe  
  17  0:58  Pylon  
  17  1:04  Probe  
  17  1:07  Pylon  
  17  1:09  Pylon  
  18  1:19  Photon Cannon  
  18  1:27  Probe, Pylon  
  18  1:30  Gateway  
  19  1:39  Pylon  
  19  1:42  Probe  
  20  1:58  Photon Cannon  
  21  2:05  Pylon  
  20  2:11  Probe  
  20  2:12  Assimilator  
  20  2:15  Zealot (Chrono Boost)  
  23  2:23  Assimilator  
  23  2:24  Probe  
  24  2:31  Photon Cannon  
  24  2:38  Probe, Cybernetics Core  
  24  2:43  Pylon  
  25  2:50  Probe  
  26  3:06  Probe  
  26  3:10  Photon Cannon  
  27  3:13  Stalker (Chrono Boost)  
  27  3:14  Shield Battery  
  27  3:17  Warp Gate  
  29  3:26  Probe  
  21  3:39  Probe  
  18  3:51  Probe (Chrono Boost)  
  20  4:03  Probe (Chrono Boost)  
  20  4:05  Stalker  
  20  4:08  Probe (Chrono Boost)  
  23  4:16  Gateway  
  23  4:17  Probe  
  24  4:29  Probe  
  25  4:40  Twilight Council  
  25  4:42  Probe  
  26  4:58  Probe  
  25  5:05  Stalker  
  27  5:10  Probe, Stalker  
  27  5:14  Blink (Chrono Boost)  
  30  5:25  Probe  
  31  5:36  Stalker  
  31  5:39  Stalker  
  35  5:54  Gateway  
  33  6:12  Zealot  
  33  6:14  Stalker  
  37  6:22  Stalker  
  37  6:32  Nexus  
  36  6:40  Probe  
  36  6:43  Stalker  
  39  6:51  Stalker  
  41  6:59  Probe  
  42  7:11  Probe  
  41  7:22  Pylon  
  41  7:32  Pylon  
  41  7:38  Charge  
  41  7:44  Probe x2  
  43  7:51  Shield Battery, Stalker  
  43  7:52  Stalker  
  43  7:56  Probe  
  43  7:58  Probe  
  49  8:05  Photon Cannon  
  49  8:08  Probe  
  50  8:15  Probe  
  51  8:21  Stalker  
  50  8:30  Stalker  
  52  8:35  Pylon  
  36  9:26  Pylon x2  
Tags
 
Add a new tag
Caveats
  • Supply blocks, unpowered buildings, or Contaminate may cause inaccurate times.
  • Supply counts are checked every 10 seconds.